 Dungeon Crawl Stone Soup version 0.27-a0-1591-gc56fcc985a (webtiles) character file.

Game seed: 13097336764502241961

256 Sweetruy1997 the Grave Robber (level 5, 0/42 HPs)
             Began as a Deep Dwarf Necromancer on July 19, 2021.
             Succumbed to an orc wizard's poison
             ... on level 4 of the Dungeon.
             The game lasted 00:15:20 (3825 turns).

Sweetruy1997 the Grave Robber (DDNe)                Turns: 3825, Time: 00:15:21

Health: 0/42       AC:  3    Str: 11    XL:     5   Next: 92%
Magic:  0/10       EV: 12    Int: 17    God:
Gold:   183        SH:  0    Dex: 13    Spells: 1/10 levels left

rFire    . . .     SeeInvis .   l - +1 dagger (speed)
rCold    . . .     Faith    .   (no shield)
rNeg     . . .     Spirit   .   a - +0 robe
rPois    .         Reflect  .   i - +0 helmet
rElec    .         Harm     .   (no cloak)
rCorr    .         Rampage  .   (no gloves)
Will     .....                  (no boots)
Stlth    ++........             (no amulet)
HPRegen  0.00/turn              (no ring)
MPRegen  0.12/turn              (no ring)

@: lethally poisoned (0 -> -9)
A: damage resistance, heal wounds, sense surroundings 1, no regeneration
a: Heal Wounds


You were on level 4 of the Dungeon.
You visited 1 branch of the dungeon, and saw 4 of its levels.

You collected 183 gold pieces.

Inventory:

Hand Weapons
 l - a +1 dagger of speed (weapon)
 m - a +0 dagger
Missiles
 j - 3 boomerangs
Armour
 a - a +0 robe (worn)
 i - a +0 helmet (worn)
Scrolls
 b - 2 scrolls of teleportation {unknown}
 c - a scroll of silence {unknown}
 d - 3 scrolls of blinking {unknown}
 e - a scroll of fog {unknown}
 k - 2 scrolls of identify {unknown}
Potions
 f - a potion of flight {unknown}
 g - 2 potions of lignification {unknown}
 h - a potion of mutation {unknown}


   Skills:
 + Level 0.2 Fighting
 + Level 0.5 Short Blades
 + Level 2.3 Dodging
 + Level 2.7 Stealth
 + Level 3.4 Spellcasting
 + Level 6.6 Necromancy


You had one spell level left.
You knew the following spells:

 Your Spells              Type           Power      Damage    Failure   Level
a - Pain                  Necr           100%       1d9       1%          1
b - Animate Skeleton      Necr           50%        N/A       1%          1
c - Vampiric Draining     Necr           12%        2d7       3%          3
d - Animate Dead          Necr           12%        N/A       11%         4

Your spell library contained the following spells:

 Spells                   Type           Power      Damage    Failure   Level
 Agony                    Necr           25%        N/A       30%         5


Dungeon Overview and Level Annotations

Branches:
Dungeon (4/15)
 Temple: D:4-7

Altars:
Elyvilon


Innate Abilities, Weirdness & Mutations

You are resistant to damage.
You can heal yourself by infusing magical energy.
You passively map a small area around you.
You do not regenerate.


Message History

The orc wizard hits you with a +2 dagger of venom.
You are poisoned.
You hit the orc wizard but do no damage.
The orc wizard is moderately wounded.
The orc wizard points at you and mumbles some strange words.
You easily resist.
You barely miss the orc wizard.
The orc wizard is moderately wounded.
The orc wizard writhes in agony.
The orc wizard hits you with a +2 dagger of venom.
You are more poisoned.
You hit the orc wizard.
The orc wizard is severely wounded.
The orc wizard hits you with a +2 dagger of venom.
You are more poisoned.
You barely miss the orc wizard.
The orc wizard is severely wounded.
You feel sick.
You hit the orc wizard but do no damage.
The orc wizard is severely wounded.
The orc wizard hits you with a +2 dagger of venom.
You are more poisoned.
You closely miss the orc wizard.
The orc wizard is severely wounded.
You feel very sick.
The orc wizard hits you with a +2 dagger of venom.
You are lethally poisoned!
You hit the orc wizard.
The orc wizard is severely wounded.
* * * LOW HITPOINT WARNING * * *
You feel very sick.
You hit the orc wizard.
The orc wizard is almost dead.
* * * LOW HITPOINT WARNING * * *
You feel very sick.
The orc wizard gestures at you while chanting.
The puff of flame misses you.
You hit the orc wizard.
You kill the orc wizard!
You die...

...............#
#..............#
#..............#
##............)##
#..............#
#..............#
#..............#
*#............).(#
#.##.........)@.##
.# #...........<>#
##.<..........# ,
##.........(.# * ,
#############


There were no monsters in sight!

Vanquished Creatures
  A scorpion (D:4)
  Natasha (D:2)
  2 orc wizards
  3 gnolls (D:3)
  2 adders
  3 worms
  A dart slug (D:3)
  12 orcs
  3 ball pythons
  7 bats
  2 endoplasms
  2 giant cockroaches
  8 goblins
  8 hobgoblins
  5 quokkas
  A frilled lizard (D:3)
  9 kobolds
  6 rats
76 creatures vanquished.

Vanquished Creatures (collateral kills)
  A worm (D:2)
  A ball python (D:1)
2 creatures vanquished.

Vanquished Creatures (others)
  2 plants (D:3)
2 creatures vanquished.

Grand Total: 80 creatures vanquished

Notes
Turn   | Place    | Note
-------+----------+-------------------------------------------
     0 | D:1      | Sweetruy1997 the Deep Dwarf Necromancer began the quest for
                  | the Orb.
     0 | D:1      | Reached XP level 1. HP: 15/15 MP: 3/3
     2 | D:1      | Learned a level 1 spell: Animate Skeleton
   225 | D:1      | Reached XP level 2. HP: 20/22 MP: 0/4
   394 | D:1      | Reached skill level 5 in Necromancy
   898 | D:1      | Reached XP level 3. HP: 18/28 MP: 0/6
   957 | D:1      | Learned a level 3 spell: Vampiric Draining
  1846 | D:2      | Noticed Natasha
  1853 | D:2      | Killed Natasha
  1854 | D:2      | Reached XP level 4. HP: 28/36 MP: 1/8
  2183 | D:3      | Found a white marble altar of Elyvilon.
  2765 | D:3      | Found a faded altar of an unknown god.
  3230 | D:3      | Reached XP level 5. HP: 42/42 MP: 4/9
  3247 | D:3      | Reached skill level 6 in Necromancy
  3431 | D:3      | Learned a level 4 spell: Animate Dead
  3825 | D:4      | Succumbed to an orc wizard's poison

Illustrated notes

Levels and vault maps discovered:
D:1:      dpeg_arrival_line_fractal, layout_basic, hangedman_decor_points
D:2:      layout_rooms, hangedman_glass_teeth, uniq_natasha
D:3:      layout_basic, elyvilon_altar_1, shapermc_ecumenical_altar_ellora
D:4:      layout_cave_pods, minmay_misc_feat_doors, minmay_misc_feat_tiny

Skill      XL: |  1  2  3  4  5 |
---------------+----------------+-----
Necromancy     | 5 6 |  6.6
Spellcasting   | 2 3 |  3.4
Fighting       | |  0.2
Short Blades   | |  0.5
Dodging        | |  2.3
Stealth        | |  2.7

Action                   |  1- 3 |  4- 6 || total
-------------------------+-------+-------++-------
Melee: Unarmed           |     6 |       ||     6
       Dagger            |    30 |    57 ||    87
 Cast: Pain              |    47 |    41 ||    88
       Animate Skeleton  |     7 |     5 ||    12
       Vampiric Draining |    13 |    19 ||    32
Armor: Robe              |     6 |    11 ||    17
Dodge: Dodged            |    28 |    39 ||    67

Table legend: (Time is in decaauts)
 A = Elapsed time spent in this place.
 B = Non-inter-level travel time spent in this place.
 C = Inter-level travel time spent in this place.
 D = Time resting spent in this place.
 E = Time spent auto-exploring this place.
 F = Levels seen in this place.
 G = Mean time per level.
                   A        B        C        D        E       F      G
               +--------+--------+--------+--------+--------+-----+--------+
         Total |   3814 |   3686 |    128 |    857 |   2266 |   4 |  953.5 |
       Dungeon |   3814 |   3686 |    128 |    857 |   2266 |   4 |  953.5 |
               +--------+--------+--------+--------+--------+-----+--------+

Top non-repeatable levels by time:
     D:3: 1642 daAuts
     D:2: 1040 daAuts
     D:1: 985 daAuts
     D:4: 147 daAuts
